 Dungeon Crawl Stone Soup version 0.24-a0-584-g9d6b971ae4 (webtiles) character file.

Game seed: 7874773574542316893, levelgen mode: deterministic

121 Mithandil the Skirmisher (level 4, -5/35 HPs)
             Began as a Demonspawn Abyssal Knight on Sept 4, 2019.
             Was a Believer of Lugonu.
             Killed from afar by a water moccasin (9 damage)
             ... with an exploding inner flame
             ... hexed by the player character
             ... on level 3 of the Dungeon.
             The game lasted 00:17:38 (2074 turns).

Mithandil the Skirmisher (DsAK)                     Turns: 2074, Time: 00:17:39

Health: -5/35      AC:  9    Str: 13    XL:     4   Next: 76%
Magic:  6/6        EV: 16    Int: 14    God:    Lugonu [**....]
Gold:   79         SH:  0    Dex: 17    Spells: 3/3 levels left

rFire    . . .     SeeInvis .   a - +3 falchion
rCold    . . .     Gourm    .   (no shield)
rNeg     . . .     Faith    .   l - +0 ring mail
rPois    .         Spirit   .   i - +0 helmet
rElec    .         Reflect  .   f - scarf {cloud immunity}
rCorr    .         Harm     .   n - +2 pair of gloves
MR       .....                  (no boots)
Stlth    ++........             (no amulet)
HPRegen  0.11/turn              h - +5 ring of dexterity
MPRegen  0.10/turn              r - +5 ring of evasion

@: lethally poisoned (-5 -> -13)
A: talons 1, sturdy frame 1
a: Depart the Abyss, Bend Space, Renounce Religion


You were on level 3 of the Dungeon.
You worshipped Lugonu.
Lugonu was pleased with you.
You were not hungry.

You visited 1 branch of the dungeon, and saw 4 of its levels.
You visited the Abyss 1 time.

You collected 79 gold pieces.

Inventory:

Hand Weapons
 a - a +3 falchion (weapon)
 b - a +0 spear
 o - a +0 hunting sling
Missiles
 e - 96 stones
 g - 42 bolts
 j - 17 poisoned darts (quivered)
Armour
 f - a scarf of cloud immunity (worn)
 i - a +0 helmet (worn)
 l - a +0 ring mail (worn)
 n - a +2 pair of gloves (worn)
Jewellery
 h - a +5 ring of dexterity (left hand)
 r - a +5 ring of evasion (right hand)
Scrolls
 k - a scroll of magic mapping
 m - a scroll of teleportation
 p - a scroll of remove curse
 q - 2 scrolls of identify
Comestibles
 c - 8 rations
 d - 3 chunks of flesh


   Skills:
 + Level 3.4 Fighting
 * Level 2.8 Long Blades
 + Level 2.3 Armour
 + Level 1.4 Dodging
 + Level 1.2 Stealth
 + Level 1.1 Unarmed Combat
 + Level 3.2 Invocations


You had 3 spell levels left.
You didn't know any spells.
Your spell library was empty.

Dungeon Overview and Level Annotations

Branches:
Dungeon (4/15)
 Temple: D:4-7

Altars:


Innate Abilities, Weirdness & Mutations

You have sharp toenails.
Your movements are slightly less encumbered by armour. (ER -2)


Message History

You hit the water moccasin but do no damage.
Your kick misses the water moccasin.
The water moccasin is severely wounded.
* * * LOW HITPOINT WARNING * * *
You feel sick. The water moccasin closely misses you.
You riposte.
You closely miss the water moccasin.
The water moccasin is severely wounded.
The water moccasin bites you but does no damage.
* * * LOW HITPOINT WARNING * * *
You feel sick.
* * * LOW HITPOINT WARNING * * *
You feel sick.
* * * LOW HITPOINT WARNING * * *
You feel sick. The water moccasin closely misses you.
You riposte.
You hit the water moccasin. You claw the water moccasin.
The water moccasin is almost dead.
You slash the water moccasin!
The water moccasin explodes!
The fiery explosion engulfs you!
You die...

#.......# #.......# ####
#.......##### ..#
#..........># #.#
##'#'###.##.# #<# #.#.#
#.#.... #.# #§#.. ..#..###
#.#######§##########
#...÷...#§@........#
#######.###....<...# #.#
#........#
########'###........#
#.......>..#........#
#..........#........#
#.......)..#........########
#..........#........##......
#..........########.##..>...


There were no monsters in sight!

Vanquished Creatures
  Natasha (twice) (D:2)
  An adder (D:2)
  2 worms (D:2)
  A dart slug (D:1)
  An orc (D:3)
  4 giant cockroaches
  8 hobgoblins
  A jackal (D:3)
  2 quokkas
  A ball python (D:1)
  5 bats
  8 frilled lizards
  5 goblins
  4 kobolds
  9 rats
54 creatures vanquished.

Notes
Turn   | Place    | Note
-------+----------+-------------------------------------------
     0 | Abyss:1  | Mithandil the Demonspawn Abyssal Knight began the quest for
                  | the Orb.
     0 | Abyss:1  | Reached XP level 1. HP: 18/18 MP: 2/2
    46 | Abyss:1  | Noticed a large abomination
    53 | Abyss:1  | Noticed a thrashing horror
    57 | Abyss:1  | Noticed a ynoxinul
    58 | D:1      | Escaped the Abyss
   265 | D:1      | Reached skill level 1 in Dodging
   489 | D:1      | Gained mutation: You have sharp toenails. [demonic
                  | ancestry]
   489 | D:1      | Reached XP level 2. HP: 23/24 MP: 3/3
   829 | D:1      | Reached ** piety under Lugonu
   949 | D:1      | Gained mutation: Your movements are slightly less
                  | encumbered by armour. (ER -2) [demonic ancestry]
   949 | D:1      | Reached XP level 3. HP: 27/29 MP: 5/5
  1159 | D:2      | Noticed Natasha
  1171 | D:2      | Killed Natasha
  1424 | D:2      | Reached XP level 4. HP: 32/35 MP: 6/6
  1517 | D:2      | Noticed Natasha
  1528 | D:2      | Killed Natasha
  1528 | D:2      | Reached skill level 1 in Stealth
  1528 | D:2      | Reached skill level 1 in Unarmed Combat
  2033 | D:4      | Noticed a water moccasin
  2074 | D:3      | Killed a water moccasin
  2074 | D:3      | Killed from afar by a water moccasin

Levels and vault maps discovered:
D:1:      eino_arrival_cavern_a, layout_basic, serial_corexii_hall,
          chequers_hall_statues_corner_a, corexii_hall_statues_x,
          minmay_misc_feat_room, minmay_pentomino_p2
D:2:      layout_basic, small_statue_intersection, kennysheep_generic_room_10,
          uniq_natasha
D:3:      layout_basic, first_ration
D:4:      minmay_chambers_of_fours, layout_loops_ring, lemuel_tele_altar

Skill      XL: |  1  2  3  4 |
---------------+-------------+-----
Dodging        | 1 |  1.4
Long Blades    | 2 |  2.8
Armour         | 2 |  2.3
Invocations    | 3 |  3.2
Stealth        | 1 |  1.2
Unarmed Combat | 1 |  1.1
Fighting       | |  3.4

Action                   |  1- 3 |  4- 6 || total
-------------------------+-------+-------++-------
Melee: Falchion          |    83 |    44 ||   127
       Kick              |    11 |    12 ||    23
       Punch             |       |     2 ||     2
  Use: Potion            |     5 |       ||     5
       Scroll            |     7 |     4 ||    11
 Stab: Sleeping          |       |     1 ||     1
  Eat: Chunk             |     2 |     2 ||     4
Armor: Leather armour    |    12 |       ||    12
       Ring mail         |    23 |    27 ||    50
Dodge: Dodged            |    56 |    29 ||    85
       Rpst.: Falchion   |    15 |    14 ||    29

Table legend:
 A = Non-vault XP
 B = Vault XP
 C = Vault XP percentage of total XP
 D = Non-vault monster count
 E = Vault monster count
 F = Vault count percentage of total count
                 A         B        C        D         E       F
            +---------+---------+-------+---------+---------+-------
      Total |     130 |      43 |  24.9 |      50 |       4 |   7.4
            +---------+---------+-------+---------+---------+-------
        D:1 |      34 |       1 |   2.9 |      21 |       1 |   4.5
        D:2 |      77 |      42 |  35.3 |      18 |       3 |  14.3
        D:3 |      19 |       0 |   0.0 |      11 |       0 |   0.0
            +---------+---------+-------+---------+---------+-------
